Map: Triton LE

Players

AlexUA - Winner!

  • Race: Zerg Zerg
  • Spawn Location: 5:00

RuFF

  • Race: Terran Terran
  • League: Master
  • Spawn Location: 11:00

VOD

Have the link to the VOD?

Description

Time

  • Played on: Dec. 15, 2019, 11:09 a.m.
  • Length: 19:58
Show
View Real Time Build Order
Export as new Build Order

AlexUA Zerg - Winner!

Build Orders: Hatch First, Muta Ling Bane, Swarm Host 

Get SALT Encoding   

  12  0:01  Drone  
  13  0:12  Overlord  
  13  0:18  Drone  
  14  0:30  Drone x2  
  16  0:48  Hatchery  
  15  0:52  Drone  
  15  0:54  Extractor  
  15  0:58  Drone  
  15  1:02  Drone  
  17  1:18  Spawning Pool  
  17  1:21  Drone  
  17  1:24  Drone  
  18  1:38  Drone  
  19  1:48  Drone  
  20  2:01  Drone  
  21  2:07  Extractor  
  20  2:09  Queen  
  20  2:10  Queen  
  20  2:14  Drone  
  20  2:15  Drone, Metabolic Boost  
  26  2:17  Drone  
  27  2:23  Overlord  
  27  2:28  Drone  
  28  2:41  Drone  
  28  2:44  Drone x2  
  31  2:45  Drone  
  31  2:46  Zergling x2  
  31  2:47  Queen  
  35  2:55  Drone  
  36  3:00  Lair  
  36  3:09  Hatchery  
  36  3:10  Drone  
  36  3:14  Overlord  
  36  3:19  Extractor x2  
  34  3:22  Drone x2  
  36  3:29  Overlord  
  36  3:32  Queen  
  36  3:33  Drone x2  
  40  3:35  Drone  
  40  3:41  Drone x3  
  44  3:52  Drone x3, Overlord  
  44  3:54  Zergling x2  
  49  4:02  Drone  
  49  4:03  Drone  
  49  4:04  Drone  
  49  4:05  Drone  
  52  4:10  Queen  
  52  4:12  Overseer  
  54  4:20  Spire  
  54  4:21  Drone  
  54  4:22  Extractor  
  54  4:23  Drone x2  
  55  4:24  Drone  
  55  4:27  Zergling x2  
  55  4:28  Zergling x2  
  58  4:34  Overlord  
  58  4:48  Drone  
  58  4:49  Drone  
  60  4:53  Overseer  
  60  4:54  Zergling x2  
  60  4:55  Zergling x16  
  69  5:01  Overlord  
  69  5:24  Extractor x2  
  69  5:25  Drone x3  
  69  5:26  Drone x3  
  71  5:36  Mutalisk  
  71  5:39  Overlord x4  
  71  5:40  Zerg Flyer Weapons Level 1  
  73  5:47  Mutalisk  
  74  6:02  Mutalisk x4  
  74  6:03  Mutalisk x3  
  88  6:16  Drone  
  88  6:17  Baneling Nest  
  88  6:19  Drone x2  
  88  6:20  Evolution Chamber  
  88  6:21  Evolution Chamber  
  82  6:28  Drone x6  
  82  6:29  Drone x2  
  90  6:38  Drone x3  
  93  6:52  Hatchery  
  92  6:59  Overlord x2  
  92  7:01  Drone x5  
  95  7:05  Infestation Pit  
  95  7:07  Drone  
  95  7:08  Drone x2  
  97  7:09  Roach Warren  
  97  7:11  Zerg Missile Weapons Level 1  
  97  7:13  Zerg Melee Weapons Level 1  
  96  7:18  Centrifical Hooks  
  96  7:20  Zergling x12  
  102  7:39  Drone x4  
  106  7:45  Nydus Network  
  105  7:51  Overlord x2  
  105  7:53  Swarm Host x3  
  105  7:55  Glial Reconstitution  
  114  8:02  Overlord x2  
  114  8:05  Drone x2  
  116  8:06  Drone x2  
  116  8:07  Drone x2  
  116  8:10  Swarm Host x4  
  116  8:12  Swarm Host  
  134  8:21  Baneling x5  
  134  8:22  Swarm Host x2  
  134  8:23  Swarm Host x2  
  134  8:24  Roach  
  148  8:27  Overlord  
  148  8:30  Nydus Canal  
  148  8:33  Roach x2  
  149  8:49  Baneling  
  149  8:50  Baneling x11  
  149  8:53  Roach x5  
  159  9:05  Roach  
  159  9:09  Overlord x2  
  160  9:12  Roach  
  160  9:15  Roach  
  150  9:25  Roach  
  150  9:26  Roach x2  
  150  9:28  Roach x6  
  150  9:29  Roach  
  117  9:32  Roach x2  
  117  9:35  Zergling x6  
  117  9:37  Zergling x2  
  104  9:40  Roach  
  104  9:42  Roach x3  
  104  9:44  Roach  
  105  9:51  Roach x3  
  105  9:52  Roach x2  
  109  9:55  Drone  
  106  10:00  Drone  
  106  10:02  Drone  
  106  10:03  Drone x3  
  111  10:14  Baneling x14  
  111  10:16  Zergling x2  
  111  10:17  Zergling x6, Ravager x2  
  111  10:18  Ravager x2  
  111  10:19  Ravager  
  120  10:21  Overseer  
  120  10:24  Drone  
  120  10:25  Drone  
  120  10:28  Drone x2  
  124  10:30  Ravager  
  124  10:32  Burrow  
  122  10:56  Zergling x20  
  122  10:57  Zergling x14  
  118  11:01  Overseer  
  94  11:07  Hive  
  94  11:08  Drone  
  94  11:09  Drone x3  
  94  11:10  Roach x4  
  94  11:11  Roach  
  94  11:24  Roach x3  
  104  11:25  Roach x2  
  104  11:26  Roach x2  
  104  11:27  Roach  
  112  11:33  Roach x4  
  112  11:34  Baneling x5  
  112  11:35  Zergling x2  
  112  11:37  Zergling x2  
  112  11:38  Zergling x2  
  121  11:43  Zergling x4  
  121  11:44  Zergling x2  
  118  11:57  Roach x4  
  118  12:03  Drone x3  
  118  12:04  Drone x3  
  118  12:06  Pathogen Glands  
  121  12:08  Drone  
  121  12:13  Queen  
  117  12:18  Drone x3, Overlord  
  117  12:19  Overlord  
  118  12:25  Zerg Missile Weapons Level 2, Adrenal Glands, Zerg Melee Weapons Level 2  
  118  12:36  Hydralisk Den  
  117  12:39  Baneling x7  
  117  12:41  Zergling x2  
  117  12:42  Zergling x14  
  125  12:47  Overlord x2  
  125  12:58  Queen  
  125  12:59  Baneling  
  125  13:02  Extractor x2  
  125  13:06  Drone x3  
  125  13:07  Drone x3  
  125  13:08  Zergling x16  
  125  13:09  Zergling x2  
  139  13:27  Infestor x5  
  139  13:29  Baneling  
  139  13:30  Baneling  
  149  13:40  Hatchery  
  148  13:43  Grooved Spines  
  148  13:47  Lurker Den  
  147  13:52  Overlord  
  147  13:53  Overseer  
  147  14:04  Zergling x2  
  149  14:10  Drone x4, Hatchery  
  149  14:24  Zergling x8  
  149  14:25  Zergling x10  
  154  14:45  Zerg Missile Weapons Level 3  
  154  14:46  Zerg Melee Weapons Level 3  
  154  14:51  Drone x6  
  160  14:53  Hydralisk x4  
  160  14:54  Hydralisk x9  
  160  14:57  Baneling x5  
  160  14:58  Baneling x3, Extractor  
  185  15:03  Extractor, Hydralisk x4  
  185  15:04  Hydralisk  
  187  15:14  Hydralisk x3  
  187  15:15  Hydralisk  
  193  15:23  Hydralisk x2  
  193  15:26  Hydralisk  
  195  15:42  Hydralisk Den  
  173  15:57  Seismic Spines  
  171  16:10  Lurker  
  172  16:15  Drone x4  
  172  16:16  Drone x2  
  172  16:18  Hydralisk x8, Muscular Augments  
  180  16:24  Nydus Network  
  180  16:25  Drone  
  194  16:34  Hydralisk  
  194  16:35  Hydralisk  
  198  16:42  Infestor x2  
  198  16:51  Spire  
  197  16:55  Hydralisk  
  195  17:04  Baneling x4  
  193  17:12  Adaptive Talons  
  189  17:30  Hydralisk x5  
  189  17:45  Zergling x6  
  185  18:01  Spire, Drone  
  185  18:02  Drone x8  
  184  18:29  Hatchery  
  181  18:36  Viper x2  
  181  18:37  Viper x2  
  193  18:45  Extractor  
  193  18:46  Extractor  
  189  18:55  Drone, Spawning Pool  
  183  18:56  Drone  
  183  19:00  Drone x5  
  183  19:01  Drone  
  190  19:13  Corruptor x4  
  190  19:14  Overseer  
Show
View Real Time Build Order
Export as new Build Order

RuFF Terran 

Build Orders: Mech 

Get SALT Encoding   

  12  0:00  SCV  
  13  0:13  SCV  
  14  0:18  Supply Depot  
  14  0:25  SCV  
  15  0:36  Refinery  
  15  0:40  SCV  
  16  0:45  Barracks  
  16  0:52  SCV  
  16  0:54  Refinery  
  17  1:04  SCV  
  18  1:16  SCV  
  19  1:28  SCV  
  20  1:40  SCV  
  21  1:47  Barracks Tech Lab  
  21  1:48  Ghost Academy  
  21  1:52  Orbital Command  
  21  1:58  Supply Depot  
  21  2:15  Factory  
  21  2:19  Ghost  
  23  2:24  SCV  
  24  2:36  SCV  
  25  2:47  Ghost  
  25  2:48  SCV  
  28  2:58  Factory Tech Lab  
  28  3:00  SCV  
  29  3:09  Command Center  
  29  3:20  SCV  
  30  3:34  Ghost  
  30  3:35  Siege Tank  
  30  3:38  SCV  
  36  3:46  Supply Depot  
  36  3:50  SCV, Starport  
  37  4:02  SCV  
  38  4:07  Ghost  
  40  4:14  SCV  
  41  4:21  Orbital Command  
  41  4:26  SCV, Medivac  
  44  4:31  Refinery  
  44  4:34  Refinery  
  44  4:38  SCV  
  44  4:45  Liberator  
  45  4:48  SCV  
  45  4:50  SCV, Factory  
  45  4:52  Hellion  
  51  5:00  SCV  
  51  5:04  SCV  
  54  5:13  SCV  
  55  5:14  Factory  
  55  5:19  Supply Depot  
  55  5:21  Engineering Bay  
  55  5:24  SCV, Armory  
  55  5:27  SCV  
  57  5:36  SCV  
  57  5:42  Factory Tech Lab  
  58  5:50  Factory  
  58  6:00  SCV  
  59  6:05  Factory Reactor  
  62  6:18  Thor  
  62  6:24  Missile Turret  
  68  6:27  Missile Turret  
  68  6:31  Thor  
  68  6:32  Missile Turret  
  68  6:35  Factory Tech Lab, Factory Reactor  
  68  6:42  Ghost  
  68  6:43  Missile Turret  
  70  6:49  Terran Vehicle Weapons Level 1  
  70  6:50  SCV  
  70  6:53  SCV  
  71  7:01  Thor, Missile Turret  
  77  7:11  SCV  
  77  7:14  Hellion  
  80  7:15  Supply Depot  
  80  7:19  SCV  
  81  7:23  SCV  
  81  7:24  Supply Depot  
  82  7:37  Thor  
  82  7:41  Supply Depot  
  82  7:43  SCV  
  82  7:44  SCV  
  90  7:52  Siege Tank  
  90  7:54  Siege Tank  
  90  7:56  SCV  
  97  7:59  Infernal Pre-Igniter  
  97  8:07  Hellion x2  
  101  8:26  Siege Tank x2  
  107  8:35  Siege Tank  
  107  8:38  SCV x2  
  109  9:01  Hellion  
  109  9:02  Hellion  
  102  9:03  Hellion  
  102  9:05  Siege Tank  
  102  9:07  Hellion  
  99  9:24  Hellion  
  101  9:27  Thor  
  79  9:40  Thor  
  85  9:48  Orbital Command  
  85  9:58  Hellion x2  
  81  10:08  Hellion  
  80  10:20  Supply Depot  
  80  10:24  SCV x2  
  82  10:34  Terran Vehicle And Ship Armor Level 1  
  82  10:36  SCV x2  
  45  11:16  Siege Tank x3  
  45  11:17  Hellion x2  
  45  11:18  SCV x2  
  59  11:21  Refinery  
  59  11:22  Refinery  
  60  11:27  Supply Depot  
  60  11:28  Supply Depot x3  
  60  11:31  SCV x2  
  50  11:58  Hellion x4  
  47  12:21  Fusion Core  
  47  12:32  SCV x2  
  49  12:44  SCV  
  49  12:46  Supply Depot  
  46  13:09  SCV x2, Starport  
  48  13:21  SCV x2  
  50  13:39  Battlecruiser  
  56  13:56  Battlecruiser  
  62  14:14  Weapon Refit  
  62  14:18  Hellion x4  
  58  14:38  SCV x2  
  58  14:43  Battlecruiser  
  66  14:52  SCV x2  
  60  15:44  SCV x2, Battlecruiser  
  68  15:56  SCV  
  63  16:09  Hellion x2  
  67  16:19  SCV x2  
  69  16:29  Hellion  
  71  16:38  Hellion  
  71  16:39  SCV x2  
  73  16:55  Hellion x2  
  77  17:06  Hellion x2  
  81  17:20  Hellion x3  
  87  17:31  Hellion  
  69  18:09  Supply Depot  
  69  18:10  Supply Depot  
  69  18:13  Command Center  
  63  18:25  Missile Turret  
  63  18:51  Battlecruiser  
  69  18:58  Factory Tech Lab  
  69  19:03  Factory Tech Lab  
  69  19:05  SCV  
  69  19:09  Factory Tech Lab  
Tags
 
Add a new tag
Caveats
  • Supply blocks, unpowered buildings, or Contaminate may cause inaccurate times.
  • Supply counts are checked every 10 seconds.